 Dungeon Crawl Stone Soup version 0.30-a0-553-g7fabdf1491 (webtiles) character file.

Game seed: 10609746797544024589

1 oldriver the Charlatan (level 1, -2/18 HPs)
             Began as a Naga Artificer on Dec 27, 2022.
             Slain by a goblin
             ... wielding a +2 dagger of electrocution
              (3 damage)
             ... on level 1 of the Dungeon.
             The game lasted 00:00:10 (94 turns).

oldriver the Charlatan (Naga Artificer)               Turns: 94, Time: 00:00:10

Health: -2/18      AC:  2    Str: 14    XL:     1   Next: 20%
Magic:  1/1        EV:  9    Int: 11    God:
Gold:   10         SH:  0    Dex: 11    Spells: 0/0 levels left

rFire   . . .      SeeInvis +    a - +0 club
rCold   . . .      Faith    .    (no shield)
rNeg    . . .      Spirit   .    b - +0 leather armour
rPois   +          Reflect  .    (no helmet)
rElec   .          Harm     .    (no cloak)
rCorr   .          Rampage  .    (no gloves)
Will    .....                    (no barding)
Stlth   +                        (no amulet)
HPRegen 0.23/turn                (no ring)
MPRegen 0.07/turn                (no ring)

@: short of breath, very slow
A: AC +0, large, see invisible, deformed body, poison resistance, slowness 2,
spit poison 1, naga tail 1
a: Spit Poison


You were on level 1 of the Dungeon.
You visited 1 branch of the dungeon, and saw 1 of its levels.

You collected 10 gold pieces.

Inventory:

Hand Weapons
 a - a +0 club (weapon)
Armour
 b - a +0 leather armour (worn)
Wands
 c - a wand of flame (14)
 d - a wand of charming (15)
 e - a wand of iceblast (5)
Scrolls
 f - a scroll of fear {unknown}
 g - a scroll of magic mapping {unknown}
Potions
 h - a potion of haste {unknown}


   Skills:
 + Level 1.1 Fighting
 - Level 1.5 Armour
 - Level 0.7 Dodging
 + Level 1.7 Stealth
 - Level 3.0 Evocations


You couldn't memorise any spells.
You didn't know any spells.
Your spell library was empty.

Dungeon Overview and Level Annotations

Branches:
Dungeon (1/15)

Altars:


Innate Abilities, Weirdness & Mutations

Your serpentine skin is tough. (AC +0)
You have supernaturally acute eyesight. (SInv)
Armour fits poorly on your strangely shaped body.
Your system is resistant to poisons. (rPois)
You cover ground very slowly.
You can spit poison.
You have a snake-like lower body.


Message History

Welcome, oldriver the Naga Artificer.
If you return without finding the Orb of Zot, so far below, it's all over!
Press ? for a list of commands and other information.
Found 6 gold pieces.
Found a staircase leading out of the dungeon.
You now have 6 gold pieces.
You open the door.
There is an open door here.
f - a scroll labelled UJUYTE REEVILI You now have 10 gold pieces (gained 4).
g - a scroll labelled GENUETOGIO A ball python comes into view.
A ball python is nearby!
A ball python is nearby!
The ball python hisses angrily.
You hit the ball python but do no damage.
The ball python bites you.
The puff of flame hits the ball python.
You kill the ball python!
You see here a ball python corpse.
HP restored.
Found a faded altar of an unknown god.
Found 5 stones.
h - an inky potion You see here 5 stones.
A goblin comes into view.
It is wielding a +2 dagger of electrocution.
A frilled lizard comes into view.
There are monsters nearby!
The goblin shouts!
The frilled lizard hisses angrily.
A rat comes into view.
The splash of poison misses the goblin.
You can't do that yet.
The goblin hits you with a +2 dagger of electrocution.
You are electrocuted!
Ouch! That really hurt!
* * * LOW HITPOINT WARNING * * *
The goblin hits you with a +2 dagger of electrocution.
You die...

#..........#
#.#####(.###
#.# ##.#
..#### #.#
.......##.#
##.# #..#.##
#..l..#
#....##.##
..## #@# #g#
#.# #r# #.#
..# .## .


You could see a goblin, a frilled lizard and a rat.

Vanquished Creatures
  A ball python (D:1)
1 creature vanquished.

Notes
Turn   | Place    | Note
-------+----------+-------------------------------------------
     0 | D:1      | oldriver the Naga Artificer began the quest for the Orb.
     0 | D:1      | Reached XP level 1. HP: 18/18 MP: 1/1
    73 | D:1      | Found a faded altar of an unknown god.
    94 | D:1      | Slain by a goblin

Illustrated notes

Levels and vault maps discovered:
D:1:      giann_horns, layout_rooms, serial_shops, shop_fountains,
          chequers_ecumenical_altar_simple_redux

Action                   || total
-------------------------++-------
Melee: Club              ||     1
 Abil: Spit Poison       ||     1
Evoke: Wand              ||     1

Table legend: (Time is in decaauts)
 A = Elapsed time spent in this place.
 B = Non-inter-level travel time spent in this place.
 C = Inter-level travel time spent in this place.
 D = Time resting spent in this place.
 E = Time spent auto-exploring this place.
 F = Levels seen in this place.
 G = Mean time per level.
                   A        B        C        D        E       F      G
               +--------+--------+--------+--------+--------+-----+--------+
         Total |    124 |    124 |      0 |      0 |    105 |   1 |  124.0 |
       Dungeon |    124 |    124 |      0 |      0 |    105 |   1 |  124.0 |
               +--------+--------+--------+--------+--------+-----+--------+

Top non-repeatable levels by time:
     D:1: 124 daAuts
